 Dungeon Crawl Stone Soup version 0.27.0-1-g7a08968 (webtiles) character file.

Game seed: 2475397746044073326

3066 Sebic the Blocker (level 9, -10/77 HPs)
             Began as a Minotaur Fighter on Sept 6, 2021.
             Mangled by a death yak (14 damage)
             ... on level 8 of the Dungeon.
             The game lasted 00:33:27 (7627 turns).

Sebic the Blocker (Minotaur Fighter)                Turns: 7627, Time: 00:33:27

Health: -10/77     AC: 14    Str: 24    XL:     9   Next: 57%
Magic:  8/8        EV:  9    Int:  5    God:
Gold:   249        SH: 22    Dex: 10    Spells: 8/8 levels left

rFire    . . .     SeeInvis .   L - +3 flail
rCold    . . .     Faith    .   y - +0 tower shield
rNeg     . . .     Spirit   .   J - +0 plate armour
rPois    .         Reflect  +   (helmet restricted)
rElec    .         Harm     .   (no cloak)
rCorr    .         Rampage  .   B - +0 pair of gloves
Will     .....                  (no boots)
Stlth    ..........             q - amulet of reflection
HPRegen  0.22/turn              s - +4 ring of evasion
MPRegen  0.11/turn              (no ring)

@: no status effects
A: horns 2, retaliatory headbutt
a: no special abilities


You were on level 8 of the Dungeon.
You visited 1 branch of the dungeon, and saw 8 of its levels.

You collected 249 gold pieces.

Inventory:

Hand Weapons
 a - a +0 war axe
 x - a +0 vampiric halberd
 z - a +0 giant spiked club
 C - a +0 flail of holy wrath
 F - a +0 shortbow
 I - a +0 shortbow
 L - a +3 flail (weapon)
Missiles
 G - 40 arrows
Armour
 b - a +0 scale mail
 c - a +0 kite shield
 w - a +2 buckler
 y - a +0 tower shield (worn)
 B - a +0 pair of gloves (worn)
 J - a +0 plate armour (worn)
 K - a +0 pair of gloves
Jewellery
 q - an amulet of reflection (around neck)
 s - a +4 ring of evasion (left hand)
 H - a ring of wizardry
 O - a ring of ice
Wands
 k - a wand of paralysis (10)
 t - a wand of mindburst (10)
 M - a wand of flame (18)
 N - a wand of charming (11)
Scrolls
 e - 5 scrolls of identify {unknown}
 f - a scroll of amnesia {unknown}
 g - 5 scrolls of teleportation {unknown}
 h - 2 scrolls of silence {unknown}
 o - a scroll of immolation {unknown}
 v - a scroll of enchant weapon {unknown}
 A - a scroll of vulnerability {unknown}
 E - 3 scrolls of noise {unknown}
Potions
 d - 3 potions of might
 i - a potion of heal wounds {unknown}
 j - 2 potions of resistance {unknown}
 l - a potion of flight {unknown}
 m - a potion of attraction {unknown}
 n - a potion of ambrosia {unknown}
 p - a potion of degeneration {unknown}
 r - a potion of lignification {unknown}
 u - 2 potions of curing {unknown}
 D - a potion of haste {unknown}


   Skills:
 + Level 6.3 Fighting
 + Level 7.9(8.7) Axes
 + Level 2.3(5.5) Maces & Flails
 + Level 4.9(7.1) Polearms
 + Level 7.7 Armour
 + Level 3.9 Dodging
 + Level 1.6 Stealth
 + Level 8.9 Shields


You had 8 spell levels left.
You didn't know any spells.
Your spell library contained the following spells:

 Spells                   Type           Power      Damage    Failure   Level
 Tukima's Dance           Hex            0%         N/A       100%        3
 Passage of Golubria      Tloc           N/A        N/A       100%        4
 Yara's Violent Unravell  Hex/Tmut       0%         3d3       100%        5


Dungeon Overview and Level Annotations

Branches:
Dungeon (8/15)             Temple (0/1) D:5            Lair (0/6) D:8

Altars:
Gozag
Hepliaklqana
Nemelex Xobeh
Ru
Sif Muna
Xom
Zin
The Shining One


Innate Abilities, Weirdness & Mutations

You have a pair of horns on your head.
You reflexively headbutt those who attack you in melee.


Message History

You furiously retaliate!
You headbutt the death yak, but do no damage.
You hit the death yak. You headbutt the death yak.
The death yak is moderately wounded.
The death yak gores you!
The death yak snorts and paws the ground.
You sock the death yak!
You headbutt the death yak, but do no damage.
The death yak is moderately wounded.
You block the death yak's attack.
You hit the death yak.
The death yak is moderately wounded.
You block the death yak's attack.
The death yak snorts and paws the ground.
You block the death yak's attack.
Your plate armour prevents you from hitting the death yak.
The death yak is moderately wounded.
You block the death yak's attack.
You sock the death yak!
The death yak is heavily wounded.
You block the death yak's attack. x2
You hit the death yak.
The death yak is heavily wounded.
You block the death yak's attack.
You sock the death yak!
The death yak is severely wounded.
The death yak gores you!
You hit the death yak.
The death yak is severely wounded.
You block the death yak's attack. The death yak gores you.
* * * LOW HITPOINT WARNING * * *
You hit the death yak. Your headbutt misses the death yak.
The death yak is severely wounded.
You block the death yak's attack.
You barely miss the death yak.
The death yak is severely wounded.
The death yak gores you!!
* * * LOW HITPOINT WARNING * * *
The death yak gores you!
You die...

#.#).....<....#
#.#.####Y####.#
#.#.# #.####.#
#o#.# #...##.#
#c#.######.##.#
#Y#...........#
#Y########.####
#Y# #.# #@# #.#
..# #.# #Y#
...##### #c# .
......# #.# ..
#....# #.# o..
#...# #.#
..>.##..### #.#
....Yo....#####†#
.........o.Y..o.#


You could see 3 death yaks, a centaur and an orc.

Vanquished Creatures
  A death yak (D:8)
  3 yaks (D:7)
  Menkaure (D:7)
  Edmund (D:5)
  A water moccasin (D:7)
  2 ogres (D:5)
  2 centaurs (D:6)
  A phantom (D:4)
  A bullfrog (D:3)
  A water moccasin zombie (D:6)
  2 scorpions
  A wyvern skeleton (D:5)
  5 wights (D:7)
  A bullfrog zombie (D:7)
  A centaur zombie (D:6)
  An orc priest (D:5)
  5 hounds (D:6)
  A jelly (D:4)
  2 centaur skeletons
  A gnoll shaman (D:7)
  2 bullfrog skeletons (D:6)
  2 orc wizards (D:3)
  8 gnolls
  2 howler monkey skeletons
  5 adders
  3 river rats (D:3)
  A shadow imp (D:7)
  2 white imps
  2 ufetubi
  4 dart slugs
  14 orcs
  10 endoplasms
  5 giant cockroaches
  8 goblins
  11 hobgoblins
  8 jackals
  2 quokkas
  4 ball pythons
  9 bats
  3 frilled lizards
  3 kobolds
  11 rats
153 creatures vanquished.

Notes
Turn   | Place    | Note
-------+----------+-------------------------------------------
     0 | D:1      | Sebic the Minotaur Fighter began the quest for the Orb.
     0 | D:1      | Reached XP level 1. HP: 19/19 MP: 0/0
    37 | D:1      | Found a faded altar of an unknown god.
    69 | D:1      | Reached XP level 2. HP: 23/26 MP: 1/1
   130 | D:1      | Reached skill level 4 in Shields
   305 | D:1      | Reached XP level 3. HP: 33/33 MP: 2/2
  1601 | D:2      | Found an opulent altar of Gozag.
  1824 | D:3      | Reached XP level 4. HP: 36/40 MP: 3/3
  2224 | D:3      | Reached XP level 5. HP: 33/47 MP: 4/4
  2470 | D:3      | Reached skill level 1 in Dodging
  3087 | D:3      | Reached XP level 6. HP: 45/55 MP: 5/5
  3524 | D:4      | Reached skill level 5 in Armour
  3583 | D:4      | Found a sacrificial altar of Ru.
  3597 | D:4      | Found a shimmering blue altar of Sif Muna.
  3640 | D:4      | Found a sparkling altar of Nemelex Xobeh.
  3656 | D:4      | Found a hazy altar of Hepliaklqana.
  3837 | D:4      | Reached skill level 5 in Axes
  3911 | D:4      | Reached skill level 5 in Shields
  4049 | D:4      | Reached skill level 1 in Polearms
  4227 | D:4      | Found a glowing golden altar of the Shining One.
  4275 | D:5      | Entered Level 5 of the Dungeon
  4308 | D:5      | Reached XP level 7. HP: 56/60 MP: 6/6
  4332 | D:5      | Found a staircase to the Ecumenical Temple.
  4414 | D:5      | Reached skill level 5 in Fighting
  4979 | D:5      | Noticed Edmund
  4990 | D:5      | Killed Edmund
  5321 | D:6      | Reached XP level 8. HP: 67/68 MP: 7/7
  5335 | D:6      | Found a shimmering altar of Xom.
  5336 | D:6      | Noticed an angel
  5384 | D:6      | Found a glowing silver altar of Zin.
  5822 | D:6      | Reached skill level 6 in Shields
  5986 | D:6      | Reached skill level 1 in Stealth
  6537 | D:7      | Reached skill level 7 in Shields
  6544 | D:7      | Reached XP level 9. HP: 66/75 MP: 8/8
  6878 | D:7      | Noticed Menkaure
  6883 | D:7      | Killed Menkaure
  6899 | D:7      | Reached skill level 8 in Shields
  7420 | D:8      | Noticed a death yak
  7446 | D:8      | Killed a death yak
  7562 | D:8      | Found a staircase to the Lair.
  7565 | D:8      | Noticed a death yak
  7567 | D:8      | Noticed a death yak
  7585 | D:8      | Noticed a death yak
  7627 | D:8      | Mangled by a death yak

Illustrated notes

Levels and vault maps discovered:
D:1:      minmay_arrival_jagged, layout_rooms,
          hellmonk_ecumenical_altar_zigzags, kennysheep_boxes
D:2:      layout_basic, basic_altar
D:3:      layout_basic, lightli_sewer_entry_pipes
D:4:      layout_rooms, nicolae_overflow_quartered_altars,
          nicolae_tso_swordbearing_angel
D:5:      layout_basic, minmay_temple_entry_proselytizer, uniq_edmund
D:6:      layout_basic, grunt_temple_overflow_order_and_chaos_1,
          corexii_item_surrounded_by_moat, amcnicky_mini_corridor_feature
D:7:      layout_loops_corners, uniq_menkaure
D:8:      minmay_slanted_spiral_squares, layout_loops_ring, dpeg_lair_monsters,
          minmay_joined_circles, uniq_maggie

Skill      XL: |  1  2  3  4  5  6  7  8  9 |
---------------+----------------------------+-----
Armour         | 4 5 6 7 |  7.7
Shields        | 4 5 7 8 |  8.9
Axes           | 3 4 5 7 |  7.9
Fighting       | 4 5 6 |  6.3
Dodging        | 1 2 3 |  3.9
Polearms       | 1 4 |  4.9
Stealth        | 1 |  1.6
Maces & Flails | 2 |  2.3

Action                   |  1- 3 |  4- 6 |  7- 9 || total
-------------------------+-------+-------+-------++-------
Melee: War axe           |    93 |   158 |   133 ||   384
       Headbutt          |     8 |    16 |    42 ||    66
       Halberd           |       |    31 |    18 ||    49
       Flail             |       |       |    41 ||    41
Armor: Scale mail        |    47 |    69 |     7 ||   123
       Plate armour      |       |       |    39 ||    39
Dodge: Dodged            |    34 |    69 |    58 ||   161
Block: Kite shield       |    55 |   139 |       ||   194
       Other             |       |    12 |    11 ||    23
       Tower shield      |       |       |   227 ||   227
       Reflection        |       |       |    10 ||    10
